 Dungeon Crawl Stone Soup version 0.20.1-1-g8b1a95d (console) character file.

51 bli the Firebug (level 3, -8/19 HPs)
             Began as a Gargoyle Fire Elementalist on Aug 20, 2017.
             Mangled by a gnoll
             ... wielding a +0 halberd
              (10 damage)
             ... on level 2 of the Dungeon.
             The game lasted 00:04:33 (1507 turns).

bli the Firebug (Gargoyle Fire Elementalist)        Turns: 1507, Time: 00:04:34

Health: -8/19      AC:  6    Str: 11    XL:     3   Next: 83%
Magic:  3/7        EV: 11    Int: 16    God:
Gold:   150        SH:  0    Dex: 10    Spells: 6/7 levels left

rFire    . . .     SeeInvis .   k - +0 whip
rCold    . . .     Gourm    .   (no shield)
rNeg     + . .     Faith    .   e - +0 leather armour (curse)
rPois    ∞         Spirit   .   (no helmet)
rElec    +         Reflect  .   (no cloak)
rCorr    .         Harm     .   p - -1 pair of gloves (curse)
MR       .....                  (no boots)
Stlth    ++........             (no amulet)
Regen    0.1/turn               (no ring)
MPRegen  0.1/turn               (no ring)

@: no status effects
A: negative energy resistance 1, electricity resistance, unbreathing,
petrification resistance, rot immunity, AC +3
a: no special abilities


You were on level 2 of the Dungeon.
You were not hungry.

You visited 1 branch of the dungeon, and saw 2 of its levels.

You collected 150 gold pieces.

Inventory:

Hand Weapons
 g - a +0 club
 k - a +0 whip (weapon)
Missiles
 d - 75 stones (quivered)
Armour
 a - a +0 robe
 e - a cursed +0 leather armour (worn)
 p - a cursed -1 pair of gloves (worn)
Scrolls
 h - 2 scrolls of identify {unknown}
 n - 2 scrolls of enchant weapon {unknown}
Potions
 f - a potion of degeneration {unknown}
 l - a potion of flight {unknown}
 o - a potion of cancellation {unknown}
Books
 b - a book of Flames

   Spells                             Type                      Level
   a - Flame Tongue                   Conjuration/Fire             1
   b - Throw Flame                    Conjuration/Fire             2
   c - Conjure Flame                  Conjuration/Fire             3
   d - Inner Flame                    Hexes/Fire                   3
   e - Sticky Flame                   Conjuration/Fire             4
   f - Fireball                       Conjuration/Fire             5
Comestibles
 c - a bread ration
 i - a meat ration
 j - a fruit
 m - 3 chunks of flesh
 q - a royal jelly


   Skills:
 + Level 0.2 Fighting
 + Level 2.0 Dodging
 + Level 2.7 Stealth
 * Level 2.9 Spellcasting
 + Level 1.5 Conjurations
 - Level 3.0 Fire Magic


You had 6 spell levels left.
You knew the following spells:

 Your Spells              Type           Power        Failure   Level  Hunger
a - Flame Tongue          Conj/Fire      #....        10%         1    #......


Dungeon Overview and Level Annotations

Branches:
Dungeon (2/15)

Altars:


Innate Abilities, Weirdness & Mutations

You are resistant to torment.
Your stone body is resilient. (AC +3)
You are immune to poison.
You resist negative energy. (rN+)
You are resistant to electric shocks. (rElec)
You can survive without breathing.
You are immune to petrification.
You are immune to rotting.


Message History

Ouch! That really hurt!
* * * LOW HITPOINT WARNING * * *
Casting: Flame Tongue
Confirm with . or Enter, or press ? or * to list all spells.
Aiming: Flame Tongue
Press: ? - help, Shift-Dir - straight line, f/p - gnoll
Aim: a gnoll, wielding a halberd (lightly wounded)
The flame tongue hits the gnoll.
The gnoll appears unharmed.
The gnoll is lightly wounded.
The gnoll closely misses you.
Casting: Flame Tongue
Confirm with . or Enter, or press ? or * to list all spells.
Aiming: Flame Tongue
Press: ? - help, Shift-Dir - straight line, f/p - gnoll
Aim: a gnoll, wielding a halberd (lightly wounded)
The flame tongue hits the gnoll.
The gnoll appears unharmed.
The gnoll is lightly wounded.
The gnoll hits you from afar with a halberd!
Ouch! That really hurt!
You die...

..##.......?...#
.........#.....#
##..............#..
...................
..........g.....# #
#.........#.##..# #..
#.....#..##.# #.###....
#.........#.###.#.....
..#.#.....#...g...# ##
............##.### ..#
.....###.....##@########.#
.....###.....#..#........# .
.... #.....#.............# . .
.......#...#...#.........# .#..
...#######.#.[...........###....
.... #.....#................
#..##..............<.......
#.........#.........##.#..
####....#..........## .#
#...............# #.#
.....#####......##..#


You could see a gnoll.

Vanquished Creatures
  A gnoll (D:1)
  A worm (D:2)
  2 dart slugs (D:1)
  A ball python (D:1)
  A giant cockroach (D:2)
  7 goblins (D:1)
  5 hobgoblins (D:1)
  4 bats (D:1)
  3 frilled lizards
  3 kobolds
  6 rats
34 creatures vanquished.

Notes
Turn   | Place    | Note
-------+----------+-------------------------------------------
     0 | D:1      | bli the Gargoyle Fire Elementalist began the quest for the Orb.
     0 | D:1      | Reached XP level 1. HP: 10/10 MP: 3/3
   185 | D:1      | Reached XP level 2. HP: 15/15 MP: 0/5
   747 | D:1      | Reached XP level 3. HP: 19/19 MP: 5/7
  1507 | D:2      | Mangled by a gnoll

Skill      XL: |  1  2  3 |
---------------+----------+-----
Dodging        | 2 |  2.0
Fighting       | |  0.2
Stealth        | |  2.7
Spellcasting   | |  2.9
Conjurations   | |  1.5
Fire Magic     | |  3.0

Action                   || total
-------------------------++-------
Melee: Unarmed           ||    15
       Club              ||    15
       Whip              ||    39
 Cast: Flame Tongue      ||    48
 Stab: Sleeping          ||     1
  Eat: Chunk             ||     2
Armor: Robe              ||    36
       Leather armour    ||     1
Dodge: Dodged            ||    52
